 Dungeon Crawl Stone Soup version 0.27.1 (webtiles) character file.

Game seed: 4923044739015686030

2347 Destapler the Fighter (level 9, -9/90 HPs)
             Began as a Minotaur Fighter on Aug 28, 2021.
             Was a Follower of Okawaru.
             Mangled by a two-headed ogre (22 damage)
             ... on level 6 of the Dungeon.
             The game lasted 00:12:22 (6797 turns).

Destapler the Fighter (Minotaur Fighter)            Turns: 6797, Time: 00:12:23

Health: -9/90      AC: 12    Str: 24    XL:     9   Next: 20%
Magic:  0/8        EV: 11    Int:  5    God:    Okawaru [*.....]
Gold:   284        SH: 13    Dex: 10    Spells: 8/8 levels left

rFire    . . .     SeeInvis .   r - +3 club
rCold    + . .     Faith    .   c - +0 kite shield
rNeg     . . .     Spirit   +   d - +3 scale mail {rC+}
rPois    .         Reflect  .   (helmet restricted)
rElec    .         Harm     .   (no cloak)
rCorr    .         Rampage  .   t - +0 pair of gloves
Will     .....                  (no boots)
Stlth    +.........             v - amulet of guardian spirit
HPRegen  0.25/turn              h - +4 ring of slaying
MPRegen  0.11/turn              (no ring)

@: heroic
A: horns 2, retaliatory headbutt
a: Renounce Religion, Heroism


You were on level 6 of the Dungeon.
You worshipped Okawaru.
Okawaru was aware of your devotion.
You visited 2 branches of the dungeon, and saw 7 of its levels.

You collected 284 gold pieces.

Inventory:

Hand Weapons
 a - a +0 long sword
 r - a +3 club (weapon)
 w - a +2 glaive of freezing
Missiles
 f - 2 throwing nets
 l - 26 poisoned darts
 o - 5 boomerangs
 x - 5 javelins
Armour
 b - a +0 scale mail
 c - a +0 kite shield (worn)
 d - a +3 scale mail of cold resistance (worn)
 t - a +0 pair of gloves (worn)
Jewellery
 h - a +4 ring of slaying (left hand)
 v - an amulet of guardian spirit (around neck)
 C - a ring of magical power
Wands
 p - a wand of mindburst (14)
 u - a wand of flame (42)
Scrolls
 e - 2 scrolls of fear {unknown}
 g - a scroll of vulnerability {unknown}
 j - 2 scrolls of summoning {unknown}
 k - 2 scrolls of holy word {unknown}
 m - 2 scrolls of fog {unknown}
 n - 3 scrolls of identify {unknown}
 q - 2 scrolls of blinking {unknown}
 y - 2 scrolls of immolation
 D - a scroll of enchant weapon {unknown}
Potions
 i - a potion of lignification {unknown}
 s - a potion of brilliance {unknown}
 z - a potion of invisibility {unknown}
 A - a potion of mutation {unknown}
 B - a potion of haste {unknown}


   Skills:
 * Level 12.2(17.2) Fighting
 - Level 2.4(7.4) Long Blades
 - Level 3.6(8.6) Armour
 + Level 9.2(14.2) Shields


You had 8 spell levels left.
You didn't know any spells.
Your spell library contained the following spells:

 Spells                   Type           Power      Damage    Failure   Level
 Foxfire                  Conj/Fire      0%         2x1d4     77%         1
 Blink                    Tloc           N/A        N/A       88%         2
 Call Canine Familiar     Summ           0%         N/A       98%         3
 Conjure Flame            Conj/Fire      0%         6-21      98%         3
 Inner Flame              Hex/Fire       0%         N/A       98%         3
 Portal Projectile        Hex/Tloc       0%         N/A       98%         3
 Airstrike                Air            0%         N/A       100%        4
 Leda's Liquefaction      Hex/Erth       0%         N/A       100%        4
 Summon Lightning Spire   Summ/Air       0%         N/A       100%        4
 Blade Hands              Tmut           0%         N/A       100%        5
 Excruciating Wounds      Necr           0%         N/A       100%        5
 Lightning Bolt           Conj/Air       0%         1d11      100%        5
 Manifold Assault         Tloc           0%         N/A       100%        5
 Storm Form               Tmut/Air       0%         N/A       100%        7


Dungeon Overview and Level Annotations

Branches:
Dungeon (6/15)             Temple (1/1) D:5

Altars:
Ashenzari
Dithmenos
Elyvilon
Fedhas
Gozag
Kikubaaqudgha
Nemelex Xobeh
Okawaru
Qazlal
Ru
Sif Muna
Trog
Vehumet
Xom
Zin
The Shining One


Innate Abilities, Weirdness & Mutations

You have a pair of horns on your head.
You reflexively headbutt those who attack you in melee.


Message History

The two-headed ogre hits you with a +0 giant club!
You hit the two-headed ogre.
The two-headed ogre is moderately wounded.
The two-headed ogre barely misses you. You block the two-headed ogre's attack.
You barely miss the two-headed ogre.
Your headbutt misses the two-headed ogre.
The two-headed ogre is moderately wounded.
The two-headed ogre closely misses you. x2
You hit the two-headed ogre but do no damage.
The two-headed ogre is moderately wounded.
You block the two-headed ogre's attack.
The two-headed ogre hits you with a +0 giant club!
You hit the two-headed ogre.
You headbutt the two-headed ogre, but do no damage.
The two-headed ogre is moderately wounded.
The two-headed ogre hits you with a +0 giant spiked club!
The two-headed ogre hits you with a +0 giant club!!
* * * LOW HITPOINT WARNING * * *
You sock the two-headed ogre!
The two-headed ogre is heavily wounded.
The two-headed ogre hits you with a +0 giant spiked club!
* * * LOW HITPOINT WARNING * * *
You block the two-headed ogre's attack.
You are too injured to fight recklessly!
You are too injured to fight recklessly!
Aiming: Mindburst
Press: ? - help, Shift-Dir - straight line, f - two-headed ogre
Aim: a two-headed ogre, wielding a +0 giant spiked club and a +0 giant club (heavily wounded, chance to affect: 48%)
The two-headed ogre's minds are blasted!
You block the two-headed ogre's attack. x2
Found 19 arrows.
Really walk into that dispersal trap?
You enter a dispersal trap!
The two-headed ogre blinks! x2; You blink.
You are too injured to fight recklessly!
You gain the combat prowess of a mighty hero.
You are too injured to fight recklessly!
You are too injured to fight recklessly!
You are too injured to fight recklessly!
The two-headed ogre hits you with a +0 giant spiked club!!
You die...

.......## #..##.##.......)...####
........##..##...#(...........##.
..#.....#.....##.##........>..#..
..#.......#...#..##........##...#
...........#....................#
.......##..##.............#.....#
.....##....####..................
..........#####....).............
[....#...##.....@....##..........
###..##..#.....O.....#...........
####...##....^....#.........##.
#(.........#..####......####
##....#...##.## #....###
##..###.##### ###.## #### ### ###


You could see a two-headed ogre.

Vanquished Creatures
  The ghost of Tutankhamun the Covered, a novice DsGl (D:5)
  Sigmund (D:4)
  Menkaure (D:4)
  A water moccasin (D:5)
  Duvessa (D:4)
  A black bear (D:5)
  2 sky beasts (D:6)
  A necrophage (D:5)
  2 ogres
  Blork the orc (D:4)
  2 scorpions
  A water moccasin zombie (D:5)
  Dowan (D:4)
  A bullfrog zombie (D:6)
  A centaur zombie (D:5)
  2 orc priests (D:6)
  4 bullfrog skeletons (D:5)
  2 hounds
  Ijyb (D:3)
  2 iguanas
  An orc wizard (D:5)
  A hound skeleton (D:4)
  A howler monkey skeleton (D:6)
  13 adders
  A white imp (D:5)
  2 ufetubi (D:5)
  4 dart slugs
  12 orcs
  3 ball pythons
  8 endoplasms
  4 giant cockroaches
  7 hobgoblins
  A jackal (D:3)
  3 quokkas
  7 bats
  6 frilled lizards
  9 goblins
  6 kobolds
  3 rats
121 creatures vanquished.

Vanquished Creatures (others)
  A plant (D:3)
1 creature vanquished.

Grand Total: 122 creatures vanquished

Notes
Turn   | Place    | Note
-------+----------+-------------------------------------------
     0 | D:1      | Destapler the Minotaur Fighter began the quest for the Orb.
     0 | D:1      | Reached XP level 1. HP: 19/19 MP: 0/0
   185 | D:1      | Found a faded altar of an unknown god.
   186 | D:1      | Noticed a great orb of eyes
   189 | D:1      | Reached skill level 4 in Fighting
   189 | D:1      | Noticed a golden eye
   189 | D:1      | Noticed a great orb of eyes
   189 | D:1      | Noticed a floating eye
   192 | D:1      | Reached XP level 2. HP: 21/27 MP: 1/1
   888 | D:2      | Reached XP level 3. HP: 25/35 MP: 2/2
   895 | D:2      | Reached skill level 5 in Fighting
  1402 | D:2      | Reached XP level 4. HP: 42/42 MP: 3/3
  2628 | D:4      | Noticed Duvessa
  2628 | D:4      | Noticed Dowan
  2628 | D:4      | Noticed Ijyb
  2640 | D:3      | Killed Ijyb
  2641 | D:3      | Reached skill level 6 in Fighting
  2641 | D:3      | Reached skill level 5 in Shields
  2641 | D:3      | Reached XP level 5. HP: 34/50 MP: 4/4
  2920 | D:4      | Reached skill level 7 in Fighting
  2920 | D:4      | Reached XP level 6. HP: 29/60 MP: 5/5
  3173 | D:4      | Killed Duvessa
  3250 | D:4      | Noticed Sigmund
  3273 | D:4      | Killed Sigmund
  3274 | D:4      | Reached skill level 8 in Fighting
  3274 | D:4      | Reached XP level 7. HP: 18/68 MP: 6/6
  3593 | D:4      | Killed Dowan
  4223 | D:4      | Noticed Menkaure
  4232 | D:4      | Killed Menkaure
  4233 | D:4      | Reached skill level 9 in Fighting
  4259 | D:4      | Noticed Blork the orc
  4261 | D:4      | Killed Blork the orc
  4582 | D:5      | Entered Level 5 of the Dungeon
  4584 | D:5      | Found a staircase to the Ecumenical Temple.
  4595 | Temple   | Entered the Ecumenical Temple
  4612 | Temple   | Became a worshipper of Warmaster Okawaru
  4644 | D:5      | Reached XP level 8. HP: 49/79 MP: 7/7
  4833 | D:5      | Reached skill level 10 in Fighting
  5174 | D:5      | Found a glowing golden altar of the Shining One.
  5469 | D:5      | Reached * piety under Okawaru
  5702 | D:5      | Found a runed translucent door.
  5708 | D:5      | Noticed Tutankhamun's ghost (novice DsGl)
  5715 | D:5      | Reached skill level 11 in Fighting
  5730 | D:5      | Killed Tutankhamun's ghost
  6273 | D:6      | Noticed a two-headed ogre
  6313 | D:6      | Reached XP level 9. HP: 53/90 MP: 4/8
  6551 | D:6      | Reached skill level 12 in Fighting
  6797 | D:6      | Mangled by a two-headed ogre

Illustrated notes

Levels and vault maps discovered:
D:1:      roderic_chinese_lattice_arrival, layout_loops_ring,
          hellmonk_ecumenical_altar_watching_god
D:2:      layout_rooms
D:3:      layout_basic, serial_bayou_pond_b
D:4:      layout_loops_corners, uniq_duvessa, uniq_blork_the_orc, uniq_menkaure,
          uniq_sigmund, uniq_ijyb
D:5:      layout_cave_pools, mainiacjoe_overflow_alcove_2,
          minmay_temple_entry_mini_moons, ebering_ghost_inner_flame,
          kennysheep_dice
D:6:      layout_cave_pools
Temple:   grunt_wide_crystal_templ

Skill      XL: |  1  2  3  4  5  6  7  8  9 |
---------------+----------------------------+-----
Fighting       | 4 5 6 7 8 9 11 12 | 12.2
Shields        | 4 5 6 7 8 9 |  9.2
Long Blades    | |  2.4
Armour         | |  3.6

Action                   |  1- 3 |  4- 6 |  7- 9 || total
-------------------------+-------+-------+-------++-------
Melee: Long sword        |    73 |    63 |       ||   136
       Headbutt          |    12 |    17 |    30 ||    59
       Club              |       |    16 |   158 ||   174
Throw: Dart              |       |     2 |     7 ||     9
Invok: Heroism           |       |       |     1 ||     1
Evoke: Wand              |       |     2 |     1 ||     3
  Use: Potion            |       |     1 |     3 ||     4
Armor: Scale mail        |    33 |    27 |    75 ||   135
Dodge: Dodged            |    17 |    19 |    69 ||   105
Block: Kite shield       |    34 |    49 |   101 ||   184
       Rpst.: Long sword |     3 |     3 |       ||     6
